 Dungeon Sprint DCSS version 0.29.1-12-g30fa7ad0bf (webtiles) character file.

Game seed: 2140405646560484717

6392 Groucho the Spry (level 10, -18/53 HPs)
             Began as a Spriggan Enchanter on Dec 26, 2022.
             Was an Elder of Dithmenos.
             Killed from afar by a hell hog (29 damage)
             ... with a fireball
             ... in the Dungeon (Sprint II: "The Violet Keep of Menkaure").
             The game lasted 00:07:40 (900 turns).

Groucho the Spry (Spriggan Enchanter)                Turns: 900, Time: 00:07:41

Health: -18/53     AC:  7    Str:  8    XL:     10   Next: 66%
Magic:  17/29      EV: 29    Int: 17    God:    Dithmenos [****..]
Gold:   712        SH:  0    Dex: 18    Spells: 26/37 levels left

rFire   . . .      SeeInvis +   a - +1 dagger
rCold   . . .      Faith    .   (no shield)
rNeg    . . .      Spirit   .   f - +2 robe {Will+}
rPois   .          Reflect  .   (helmet restricted)
rElec   .          Harm     .   e - +2 cloak "Kowicioj" {Dex+2}
rCorr   .          Rampage  .   (gloves unavailable)
Will    ++...      NoTele   +   (boots unavailable)
Stlth   +++++++++.              (no amulet)
HPRegen 0.17/turn               b - ring of flight
MPRegen 0.21/turn               (no ring)

@: flying, wreathed by umbra, very quick
A: very small, no large weapons, unfitting armour, see invisible, speed 3
a: Renounce Religion, Shadow Step


You were in the Dungeon.
You worshipped Dithmenos.
Dithmenos was greatly pleased with you.
You visited 1 branch You collected 1296 gold pieces.
You spent 584 gold pieces at shops.

Inventory:

Hand Weapons
 a - a +1 dagger (weapon)
Armour
 e - the +2 cloak "Kowicioj" (worn) {Dex+2}
   (You bought it in a shop in the Dungeon)

   Dex:       It affects your dexterity (+2).
 f - a +2 robe of willpower (worn)
Jewellery
 b - a ring of flight (left hand)
Potions
 c - a potion of invisibility
 d - a potion of curing
 g - 2 potions of magic


   Skills:
 - Level 6.0 Fighting
 - Level 10.0 Short Blades
 * Level 16.1 Dodging
 - Level 16.0 Stealth
 - Level 14.0 Spellcasting
 - Level 14.0 Hexes
 - Level 5.0 Invocations


You had 26 spell levels left.
You knew the following spells:

 Your Spells              Type           Power      Damage    Failure   Level
a - Ensorcelled Hibernat  Hex/Ice        70%        N/A       1%          2
b - Confusing Touch       Hex            56%        N/A       1%          3
c - Dazzling Flash        Conj/Hex       70%        N/A       1%          3
d - Tukima's Dance        Hex            56%        N/A       1%          3

Your spell library contained the following spells:

 Spells                   Type           Power      Damage    Failure   Level


Dungeon Overview and Level Annotations

Branches:
Dungeon (1/1)

Altars:
Cheibriados
Dithmenos
Elyvilon
Fedhas
Gozag
Hepliaklqana
Kikubaaqudgha
Makhleb
Nemelex Xobeh
Okawaru
Qazlal
Ru
Sif Muna
Trog
Uskayaw
Vehumet
Wu Jian
Xom
Yredelemnul
Zin
The Shining One
Jiyva
Lugonu

Shops:
D :!?[*!?:==?(:[=

Annotations:
D exclusion: oklob plant


Innate Abilities, Weirdness & Mutations

You are very small and have problems with some larger weapons.
You are too small for most types of armour.
You have supernaturally acute eyesight. (SInv)
You cover ground extremely quickly. (Speed+++)


Message History

Unknown command.
You start resting.
There are monsters nearby!
Casting: Dazzling Flash (safe; 1% risk of failure)
Confirm with . or Enter, or press ? or * to list all spells.
Aiming: Ensorcelled Hibernation (safe; 1% risk of failure)
Press: ? - help, Shift-Dir - straight line, f - unseen horror
Aim: an unseen horror (slightly transparent, umbra, chance to affect: 63%)
The unseen horror resists with significant effort.
The unseen horror hits you but does no damage.
The unseen horror misses you.
The unseen horror completely misses you.
The hell hog fails to trigger a net trap.
Casting: Ensorcelled Hibernation (safe; 1% risk of failure)
Confirm with . or Enter, or press ? or * to list all spells.
Aiming: Ensorcelled Hibernation (safe; 1% risk of failure)
Press: ? - help, Shift-Dir - straight line, f/p - unseen horror
Aim: an unseen horror (slightly transparent, umbra, chance to affect: 63%)
The unseen horror resists with significant effort.
The unseen horror closely misses you.
The hell hog fails to trigger a net trap.
Casting: Ensorcelled Hibernation (safe; 1% risk of failure)
Confirm with . or Enter, or press ? or * to list all spells.
Aiming: Ensorcelled Hibernation (safe; 1% risk of failure)
Press: ? - help, Shift-Dir - straight line, f - hell hog, p - unseen horror
Aim: a hell hog (umbra, chance to affect: 46%)
The hell hog resists with some effort.
The unseen horror barely misses you. The hell hog completely misses you.
The hell hog breathes fire at you.
The fireball explodes!
The fireball engulfs the hell hog.
The hell hog completely resists.
The fireball engulfs the unseen horror!!!
The unseen horror dies!
The fireball engulfs you!!
* * * LOW HITPOINT WARNING * * *
The fireball engulfs the hell hog.
The hell hog completely resists.
The hell hog breathes fire at you.
The fireball explodes!
The fireball engulfs you!!
Ouch! That really hurt!
You die...

#⌠xGx.# ##D.G$# ##hh## ##
##≈...### ~## #)≈.....# ~~#+++#
####....# ~~.... #..'....#
~~~.##+##..#†.####x#
~~~##.#.##.####.@hh###
~~~#.###.# ...#†.#...####
~####.#.####..#####..##)# (!)
##.###'###.##..#.['..#.†#▓(?[$=
#...##.##.).#..#.[#..#..#▓(????
'.##'.<.'.#.'..####..##.#▓($!!(
###.##.##...#....###...##▓▓▓▓▓▓
##.###'###.##......~~~~~~~~~~~~
~####...####~~§....~#'########+


You could see 2 hell hogs and an unseen horror (invisible).

Vanquished Creatures
  A deep elf master archer (D)
  A great orb of eyes (D)
  An iron elemental (D)
  A death yak (D)
  3 manticores (D)
  A merfolk siren (D)
  A yaktaur (D)
  3 polar bears (D)
  A hornet (D)
  2 wyverns (D)
  Menkaure (D)
  4 water moccasins (D)
  4 necrophages (D)
  3 worms (D)
27 creatures vanquished.

Vanquished Creatures (others)
  An unseen horror (D)
1 creature vanquished.

Grand Total: 28 creatures vanquished

Notes
Turn   | Place    | Note
-------+----------+-------------------------------------------
     0 | D        | Groucho the Spriggan Enchanter began the quest for the Orb.
     0 | D        | Reached XP level 1. HP: 9/9 MP: 5/5
     7 | D        | Noticed a wyvern
     7 | D        | Noticed a wyvern
    10 | D        | Noticed a merfolk siren
    13 | D        | Noticed a necrophage
    13 | D        | Noticed a necrophage
    13 | D        | Noticed a necrophage
    13 | D        | Noticed a necrophage
    23 | D        | Killed a necrophage
    24 | D        | Reached skill level 5 in Spellcasting
    24 | D        | Reached skill level 5 in Hexes
    24 | D        | Reached XP level 2. HP: 13/13 MP: 6/9
    24 | D        | Reached XP level 3. HP: 16/16 MP: 6/10
    29 | D        | Killed a necrophage
    30 | D        | Reached XP level 4. HP: 21/21 MP: 7/13
    31 | D        | Killed a necrophage
    32 | D        | Reached XP level 5. HP: 24/24 MP: 7/15
   263 | D        | Learned a level 2 spell: Ensorcelled Hibernation
   267 | D        | Learned a level 3 spell: Confusing Touch
   271 | D        | Learned a level 3 spell: Dazzling Flash
   275 | D        | Learned a level 3 spell: Tukima's Dance
   306 | D        | Killed a wyvern
   307 | D        | Reached skill level 15 in Stealth
   307 | D        | Reached XP level 6. HP: 28/28 MP: 4/18
   312 | D        | Killed a wyvern
   313 | D        | Reached skill level 10 in Hexes
   313 | D        | Reached XP level 7. HP: 32/32 MP: 5/21
   593 | D        | Killed a merfolk siren
   612 | D        | Found Tonuoxt's Book Emporium.
   612 | D        | Found Fuiju's Jewellery Emporium.
   612 | D        | Found Foog's Jewellery Shoppe.
   612 | D        | Found Keoshat's Antique Weapon Shoppe.
   612 | D        | Found Dateappe's Antique Armour Shoppe.
   612 | D        | Found Veappair's Book Emporium.
   612 | D        | Found Tomaasei's Magic Scroll Emporium.
   612 | D        | Found Iniucimol's Magic Scroll Shoppe.
   613 | D        | Found Fepeti Xuto's Assorted Antiques.
   613 | D        | Found Xyurgh's Jewellery Emporium.
   613 | D        | Found Koucs's Distillery.
   613 | D        | Found Wohonem's Antique Armour Shoppe.
   613 | D        | Noticed Menkaure
   613 | D        | Noticed a polar bear
   616 | D        | Noticed a polar bear
   617 | D        | Noticed a wyvern
   619 | D        | Noticed a wyvern
   637 | D        | Killed Menkaure
   640 | D        | Found Fulog's Magic Scroll Shoppe.
   640 | D        | Found Kaots's Distillery.
   640 | D        | Noticed an oklob plant
   641 | D        | Found Nit Otip's Book Shoppe.
   642 | D        | Noticed a wyvern
   676 | D        | Noticed a flying skull
   679 | D        | Noticed a flying skull
   688 | D        | Bought a heavily runed cloak for 218 gold pieces
   688 | D        | Identified the +2 cloak "Kowicioj" {Dex+2} (You bought it
                  | in a shop in the Dungeon)
   701 | D        | Bought an embroidered robe for 111 gold pieces
   722 | D        | Bought a ring of flight for 175 gold pieces
   728 | D        | Bought a potion of invisibility for 80 gold pieces
   757 | D        | Found a hazy altar of Hepliaklqana.
   757 | D        | Found a snail-covered altar of Cheibriados.
   758 | D        | Found a stormy altar of Qazlal.
   758 | D        | Found a viscous altar of Jiyva.
   758 | D        | Found a shadowy altar of Dithmenos.
   759 | D        | Found a sacrificial altar of Ru.
   759 | D        | Found an ancient bone altar of Kikubaaqudgha.
   759 | D        | Found a white marble altar of Elyvilon.
   760 | D        | Found an ornate altar of the Wu Jian Council.
   760 | D        | Found a shimmering blue altar of Sif Muna.
   760 | D        | Found a corrupted altar of Lugonu.
   762 | D        | Found a shimmering altar of Xom.
   762 | D        | Found a bloodstained altar of Trog.
   762 | D        | Found a burning altar of Makhleb.
   763 | D        | Found a glowing golden altar of the Shining One.
   763 | D        | Found a basalt altar of Yredelemnul.
   763 | D        | Found a hide-covered altar of Uskayaw.
   765 | D        | Found a glowing silver altar of Zin.
   765 | D        | Found a radiant altar of Vehumet.
   765 | D        | Found a blossoming altar of Fedhas.
   765 | D        | Found a sparkling altar of Nemelex Xobeh.
   765 | D        | Noticed a hornet
   765 | D        | Noticed a polar bear
   766 | D        | Found an opulent altar of Gozag.
   766 | D        | Found an iron altar of Okawaru.
   766 | D        | Noticed a yaktaur
   771 | D        | Became a worshipper of Dithmenos the Shadowed
   783 | D        | Reached XP level 8. HP: 36/36 MP: 20/25
   785 | D        | Noticed a polar bear
   785 | D        | Noticed a polar bear
   786 | D        | Killed a polar bear
   787 | D        | Killed a polar bear
   787 | D        | Reached * piety under Dithmenos
   788 | D        | Reached skill level 5 in Short Blades
   789 | D        | Killed a polar bear
   790 | D        | Killed a hornet
   792 | D        | Killed a yaktaur
   792 | D        | Reached ** piety under Dithmenos
   793 | D        | Reached XP level 9. HP: 39/39 MP: 21/28
   803 | D        | Noticed a death yak
   805 | D        | Killed a death yak
   806 | D        | Reached skill level 10 in Short Blades
   818 | D        | Noticed a deep elf master archer
   823 | D        | Killed a deep elf master archer
   828 | D        | Noticed a manticore
   828 | D        | Noticed a manticore
   828 | D        | Noticed a manticore
   830 | D        | Killed a manticore
   830 | D        | Reached *** piety under Dithmenos
   831 | D        | Reached skill level 5 in Invocations
   831 | D        | Reached XP level 10. HP: 51/51 MP: 27/29
   832 | D        | Killed a manticore
   833 | D        | Reached skill level 5 in Fighting
   833 | D        | Killed a manticore
   845 | D        | Reached **** piety under Dithmenos
   858 | D        | Found the +8 lance "Wyrmbane" {slay drac, rPois rF+ rC+
                  | AC+3}
   858 | D        | Noticed a great orb of eyes
   858 | D        | Noticed an ice dragon
   858 | D        | Noticed a hell hog
   858 | D        | Noticed a shining eye
   858 | D        | Noticed an iron elemental
   858 | D        | Noticed a shining eye
   884 | D        | Killed a great orb of eyes
   889 | D        | Noticed a hell hog
   889 | D        | Noticed a shining eye
   890 | D        | Killed an iron elemental
   900 | D        | Killed from afar by a hell hog

Illustrated notes

Levels and vault maps discovered:
D:        the_violet_keep_of_menkaure [sprint2_stairs_cluster_1,
          sprint2_shoproom, sprint2_temple, sprint2_basic_supplies,
          sprint2_obstacle_4, sprint2_obstacle_7, sprint2_obstacle_5,
          sprint2_obstacle_1, sprint2_obstacle_2, sprint2_timed_cluster_1,
          sprint2_smallroom_cluster_1, sprint2_smallroom_final_cluster_1,
          sprint2_transparent_cluster_1, sprint2_second_timed_cluster_1,
          sprint2_sniper_area_1, sprint2_heavy_combat_area_1,
          sprint2_mutation_trap_area_1, sprint2_forest_area_1,
          sprint2_light_combat_area_1, sprint2_behind_water_1,
          sprint2_near_end_vault_1]

Skill      XL: |  1  2  3  4  5  6  7  8  9 10 |
---------------+-------------------------------+-----
Stealth        | 9 11 12 15 16 | 16.0
Spellcasting   | 5 6 7 8 9 12 14 | 14.0
Hexes          | 5 6 7 9 10 12 14 | 14.0
Short Blades   | 2 8 10 | 10.0
Fighting       | 4 6 |  6.0
Dodging        | 11 16 | 16.1
Invocations    | 5 |  5.0

Action                   |  1- 3 |  4- 6 |  7- 9 | 10-12 || total
-------------------------+-------+-------+-------+-------++-------
Melee: Dagger            |     9 |    16 |    13 |    16 ||    54
 Cast: Ensorcelled Hiber |       |     7 |     2 |     3 ||    12
       Confusing Touch   |       |       |     1 |       ||     1
       Dazzling Flash    |       |       |       |     2 ||     2
Invok: Shadow Step       |       |       |       |     1 ||     1
  Use: Potion            |     4 |       |     1 |       ||     5
       Scroll            |       |       |       |     1 ||     1
 Stab: Sleeping          |     1 |     5 |    10 |     6 ||    22
       Invisible         |     1 |     1 |       |     2 ||     4
       Confused          |       |       |     1 |       ||     1
Armor: Robe              |       |     1 |     1 |     1 ||     3
Dodge: Dodged            |    14 |    10 |     1 |     7 ||    32
